← All builds
Front / Armada / Economy first / OBSERVED BUILD

Standard front

Armada Front build order · Supreme Isthmus

Economy-first opening with Bot Lab and Vehicle Plant, transitioning into the role's usual Blitz/Rocketeer/Pawn/Janus mix to defend the coast and hold the line near middle.

#eco · 1072 distinct matches · 140 players · 75% of Armada Front games · team won 63% of 1224 · Recently observed

HOW TO PLAY IT

Key timing: Vehicle Plant by 0:48

  1. Take mex and wind, start bot lab and vehicle plant together.
  2. Finish vehicle plant and begin Blitz, Rocketeer, Pawn and Janus mix.
  3. Send first units to the coast to stop leaks, not straight to mid.
  4. Add Janus or Centurion once first units are out, then form up as a line.
  5. Push T2 constructor out once the line holds middle.

Phase by phase

TYPICAL OF ITS 1072 GAMES
  1. 1
  2. 2
  3. 3
PLAY THE OPENING

Follow the example game's first 6:00 step by step: what to build now, what comes next, and where it goes. At 1× it keeps pace with your own game.

  1. 1

    Up to the Bot Lab

    Economy
    • Metal Extractor2Mex
    • Wind Turbine1Wind
    Order
    1. Bot LabBot Lab after 3 mex, 1 winddone ~0:45, middle half 0:35–8:32

    Some games also: Vehicle Plant (41%)

    By 0:28 in all: 2 mex · 1 wind

    The example game in this phase · 3 steps
    1. Mex ×2
    2. Wind
    3. Vehicle PlantVehicle Plantdone 0:41 · typical 0:48
  2. 2

    Bot Lab to 5:00

    Economy
    • Metal Extractor4Mex
    • Wind Turbine3Wind
    Army
    • Sentry1 Sentry

    Some games also: rocketeer (46%) · con bot (44%) · Lazarus (44%) · tick (41%) · centurion (37%)

    By 5:00 in all: 6 mex · 7 wind

    The example game in this phase · 21 steps
    1. RoverScout ×3
    2. Wind
    3. RoverScout ×2
    4. Wind
    5. Construction VehicleCon vehicle ×2
    6. Mex
    7. JanusJanus ×2
    8. Mex
    9. Wind
    10. JanusJanus
    11. Mex
    12. JanusJanus
    13. Mex
    14. JanusJanus
    15. Radar TowerRadar Tower
    16. JanusJanusfor Air
    17. Construction VehicleCon vehicle
    18. BlitzBlitz ×3
    19. WhistlerMissile truck ×2
    20. JanusJanus
    21. Mex
  3. 3

    5:00 to 10:00

    Economy
    • Metal Extractor1Mex
    • Wind Turbine13Wind
    Builders
    • Construction Turret2 Con turret
    Army
    • Sentry1 Sentry

    Some games also: energy storage (46%) · rocketeer (39%) · blitz (38%) · pawn (36%) · Lazarus (35%)

    By 10:00 in all: 7 mex · 25 wind · 1 energy storage · 3 con turret

    The example game in this phase · 48 steps
    1. JanusJanus ×4
    2. ShellshockerArty ×6
    3. Radar TowerRadar Tower
    4. ShellshockerArty ×2
    5. Mex
    6. ShellshockerArty ×2
    7. Dragon's TeethDragon's Teeth ×3
    8. BlitzBlitz
    9. Wind
    10. Dragon's TeethDragon's Teeth ×2
    11. BlitzBlitz
    12. Wind
    13. Dragon's TeethDragon's Teeth ×2
    14. Wind
    15. Dragon's TeethDragon's Teeth
    16. BlitzBlitz
    17. Advanced Metal ExtractorT2 mexdone 10:40 · typical 8:54
    18. Wind
    19. Dragon's TeethDragon's Teeth ×2
    20. BlitzBlitz
    21. Dragon's TeethDragon's Teeth
    22. Wind
    23. Dragon's TeethDragon's Teeth
    24. BlitzBlitz
    25. Wind ×2
    26. BlitzBlitz
    27. Wind
    28. BlitzBlitz
    29. Wind
    30. BlitzBlitz ×2
    31. Advanced Metal ExtractorT2 mex
    32. BlitzBlitz ×7
    33. Construction VehicleCon vehicle ×3
    34. BlitzBlitz ×5
    35. Con turret
    36. BlitzBlitz
    37. PawnPawn ×2
    38. Vehicle PlantVehicle Plantnot finished by 15:00
    39. PawnPawn
    40. Mex
    41. BlitzBlitz
    42. PawnPawn
    43. BlitzBlitz
    44. PawnPawn ×2
    45. BlitzBlitz
    46. PawnPawn ×2
    47. BlitzBlitz
    48. Mex

Counts are medians over the build's games: half of them build more, half fewer. The example game is XXMACGAMERXX's (36 OS, 05/10/2026); pick another.

Team trades

IN AT LEAST 30% OF ITS GAMES

You hand over

Nothing regular.

You get

  • Tidal Generator4 Tidal from Pondfirst at 0:18 · in 68% of games
  • Advanced Construction Bot1 T2 con bot from Geo or Techfirst at 7:17 · in 67% of games

How it plays out

Typical game of this build, running totals by minute

Metal produced

010k20k30k
0:005:0010:0015:00

metal

Enemy metal destroyed

05k10k
0:005:0010:0015:00

metal

Own metal lost

05k10k
0:005:0010:0015:00

metal

1224 games.

Show as table
ByMetal produced: This buildEnemy metal destroyed: This buildOwn metal lost: This build
1:0033300
2:008492131
3:001625141105
4:002711543333
5:0038541201817
6:00506221051523
7:00630929612441
8:00763538093334
9:00907346214277
10:001068452875006
11:001261557835680
12:001483063506488
13:001741969687184
14:002016375838083
15:002271483748960
WHAT THE NUMBERS SAY

Standard economy-first Front play, winning slightly more than suicide front at 63% with a bigger metal lead by 15:00.

  • + Metal produced reaches 22704 by 15:00, highest of the two front roles.
  • + Own metal lost stays lower relative to produced, 8967 vs 22704 by 15:00.
  • − First unit lost already at 1:44, same as suicide front despite safer position.
THE EXAMPLE YOU ARE READING

XXMACGAMERXX

36.5 OS · 05/10/2026

Open source match ↗

30 received units · includes a constructor
400 metal received · 15091 energy received

Allied construction assistance is unknown. Timings are observations, not a promise of solo reproducibility.

Typical milestones

Bot Lab0:45Middle 50%: 0:35–8:32 · n=775
Vehicle Plant0:48Middle 50%: 0:39–0:58 · n=865
Advanced Metal Extractor8:54Middle 50%: 8:02–10:00 · n=981

Played most by

Hummell104games of this buildWashedGamuer95games of this buildLeohvm86games of this buildXad67games of this buildImmort42games of this build
Standard front · Armada Front build order · BAR Build Atlas